Map: Discordance EC

Players

PraetorND - Winner!

  • Race: Protoss Protoss
  • League: Diamond
  • Spawn Location: 1:00

Nico

  • Race: Protoss Protoss
  • League: Diamond
  • Spawn Location: 7:00

VOD

Have the link to the VOD?

Description

Time

  • Played on: Feb. 20, 2019, 11:45 a.m.
  • Length: 3:32
Show
View Real Time Build Order
Export as new Build Order

PraetorND Protoss - Winner!

Build Orders:  

Get SALT Encoding   

  12  0:00  Probe  
  13  0:12  Probe  
  14  0:25  Probe  
  15  0:33  Pylon  
  15  0:51  Gateway, Probe  
  15  0:54  Gateway  
  16  1:01  Gateway  
  16  1:07  Probe  
  17  1:20  Probe  
  17  1:25  Assimilator  
  18  1:28  Pylon  
  18  1:29  Zealot  
  18  1:32  Zealot  
  22  1:49  Zealot  
  22  1:50  Probe  
  25  1:57  Zealot  
  25  1:58  Zealot  
  29  2:04  Probe  
  29  2:07  Zealot  
  29  2:12  Pylon  
  31  2:30  Zealot x2  
  35  2:41  Zealot  
  29  2:57  Zealot x2  
  33  3:00  Cybernetics Core  
Show
View Real Time Build Order
Export as new Build Order

Nico Protoss 

Build Orders:  

Get SALT Encoding   

  12  0:00  Probe  
  13  0:13  Probe  
  14  0:17  Pylon  
  14  0:22  Probe  
  15  0:31  Probe  
  15  0:39  Gateway  
  15  0:40  Probe  
  16  0:46  Assimilator  
  17  0:52  Probe  
  17  0:56  Assimilator  
  18  1:05  Probe  
  19  1:13  Gateway  
  19  1:17  Probe  
  20  1:22  Assimilator  
  20  1:30  Zealot  
  22  1:46  Pylon  
  22  1:48  Probe  
  23  1:55  Cybernetics Core  
  23  2:03  Zealot  
  23  2:05  Probe  
  24  2:12  Zealot  
  22  2:43  Adept x2  
  15  2:52  Pylon  
Tags
 
Add a new tag
Caveats
  • Supply blocks, unpowered buildings, or Contaminate may cause inaccurate times.
  • Supply counts are checked every 10 seconds.